[Event "Late-Titled-Tuesday-Blitz-September-05-2023"]
[Site "Chess.com"]
[Date "2023.09.05"]
[Round "4"]
[White "santosalberto1987"]
[Black "hammahamma"]
[Result "1-0"]
[WhiteElo "2536"]
[BlackElo "2270"]
[TimeControl "180+1"]
[EndTime "14:40:10 PDT"]
[Termination "santosalberto1987 won on time"]

1. e4 e5 2. Nf3 Nc6 3. Bc4 Bc5 4. c3 Nf6 5. d3 O-O 6. O-O d5 7. exd5 Nxd5 8. Re1 Bg4 9. Nbd2 a5 10. Ne4 Be7 11. Ng3 Nb6 12. Bb5 f6 13. h3 Bd7 14.
d4 exd4 15. cxd4 Nb4 16. Bf1 Kh8 17. a3 N4d5 18. Bd3 Bd6 19. Ne4 Bc6 20. Nxd6 Qxd6 21. Nh4 Nf4 22. Bxf4 Qxf4 23. Qh5 Qh6 24. Qxh6 gxh6 25.
Be4 Bxe4 26. Rxe4 Nd5 27. Nf5 Rad8 28. Rae1 h5 29. h4 Kg8 30. Ng3 Kf7 31. Nxh5 Rfe8 32. Rxe8 Rxe8 33. Rxe8 Kxe8 34. Kf1 Ke7 35. Ke2 Ke6 36.
g4 Nb6 37. Nf4+ Kd6 38. Kd3 Na4 39. b3 Nb6 40. Ne2 Nd5 41. Nc3 Ne7 42. Ke4 c6 43. h5 Ke6 44. f4 b5 45. g5 f5+ 46. Kd3 Kd6 47. Ne2 Ke6 48. Ng3 Nd5 49. Ne2 Kd6 50.
Kd2 Ke6 51. Ke1 Kd6 52. Kf2 Ke6 53. Kg3 Kf7 54. Kf3 Ke6 55. Nc1 Kd6 56. Nd3 1-0

[Event "Late-Titled-Tuesday-Blitz-September-05-2023"]
[Site "Chess.com"]
[Date "2023.09.05"]
[Round "4"]
[White "delqate"]
[Black "Nikachu"]
[Result "1-0"]
[WhiteElo "2368"]
[BlackElo "2158"]
[TimeControl "180+1"]
[EndTime "14:40:14 PDT"]
[Termination "delqate won by resignation"]

1. d4 Nf6 2. Nf3 g6 3. Bg5 Ne4 4. Bf4 c5 5. c3 Bg7 6. Nbd2 Nxd2 7. Qxd2 b6 8. e3 d6 9. Be2 O-O 10. O-O Bb7 11. Rad1 Qc7 12. dxc5 bxc5 13. h3 Nd7 14.
Bh2 Nf6 15. Rfe1 Ne4 16. Qc2 Qb6 17. Nd2 Nxd2 18. Rxd2 Bc6 19. a3 a5 20. f3 Rfb8 21. e4 a4 22. Bc4 Ra7 23. Bf4 Rab7 24. Ree2 Bb5 25. Bxb5 Qxb5 26. Bg5 Qc4 27. Qc1 h6 28. Be3 Rb3 29. Rc2 Kh7 30. Kh2 R8b7 31. h4 d5 32.
exd5 Qxh4+ 33. Kg1 Qc4 34. Qd2 Rd7 35. Qe1 Rxd5 36.
Qf2 e6 37. Rcd2 Bf8 38. Qg3 Rb7 39. Rxd5 Qxd5 40. Rd2 Qf5 41. Qf2 Qb1+ 42. Kh2 Qf5 43. Kh1 Qb1+ 44. Kh2 Bd6+ 45. Rxd6 Rxb2 46. Qh4 h5 47.
Qf6 Qf1 48. Qxf7+ 1-0

[Event "Late-Titled-Tuesday-Blitz-September-05-2023"]
[Site "Chess.com"]
[Date "2023.09.05"]
[Round "4"]
[White "DenizSeyhanoglu1"]
[Black "infinitegiantkiller"]
[Result "0-1"]
[WhiteElo "2320"]
[BlackElo "2494"]
[TimeControl "180+1"]
[EndTime "14:40:15 PDT"]
[Termination "infinitegiantkiller won on time"]

1. e4 g6 2. d4 Bg7 3. Nc3 d6 4. Nge2 Nf6 5. g3 O-O 6. Bg2 c5 7. O-O cxd4 8. Nxd4 Nc6 9. Nde2 a6 10. Nd5 Nxd5 11.
exd5 Ne5 12. a4 b6 13. h3 Bb7 14. Ra2 Rc8 15. b3 Qc7 16. c4 b5 17. cxb5 axb5 18. a5 Ba6 19. b4 Qc4 20. Rb2 Nd3 21. Rb1 Nxb4 22. Be3 Nc2 23. Bg5 b4 24. Nc1 Rfe8 25.
Nb3 Nd4 26. Re1 Nxb3 27. Qxb3 Qxb3 28. Rxb3 Bc4 29. Rxb4 Bc3 30. Reb1 Bxb4 31. Rxb4 Rc5 32. Rb7 Rxa5 33. Bxe7 Bxd5 34. Bxd6 Ra1+ 35. Kh2 Bxb7 36.
Bxb7 Ra2 37. Bc5 Ree2 38. Kg2 Reb2 39. Bf3 h5 40. h4 Rc2 41. Be3 Rc3 42. Bd4 Rd3 43.
Bc5 Rdd2 44. Be3 Rdc2 45. Bd5 Kg7 46. Bxa2 Rxa2 47. Kf3 Kf6 48. Ke4 Ra4+ 49. Kf3 Kf5 50. Bc5 Rc4 51. Be3 Rc3 52. Kg2 Ke4 53. Ba7 f5 54.
Bb8 Rf3 55. Bc7 f4 56. gxf4 Rxf4 57. Bxf4 Kxf4 58. f3 Ke3 59. Kg3 Ke2 60. Kg2 Kd2 61.
Kf2 Kd3 0-1

[Event "Late-Titled-Tuesday-Blitz-September-05-2023"]
[Site "Chess.com"]
[Date "2023.09.05"]
[Round "4"]
[White "KNVB"]
[Black "only_strong_moves"]
[Result "0-1"]
[WhiteElo "2721"]
[BlackElo "2537"]
[TimeControl "180+1"]
[EndTime "14:40:18 PDT"]
[Termination "only_strong_moves won on time"]

1. d4 Nf6 2. Bf4 e6 3. e3 d5 4.
Nf3 c5 5. c3 Nc6 6. Nbd2 Nh5 7.
Be5 f6 8. Bg3 cxd4 9. exd4 Bd6 10. Bxd6 Qxd6 11. g3 g6 12. Bg2 O-O 13. O-O Bd7 14.
Re1 Rae8 15. c4 b6 16. cxd5 exd5 17. Nf1 Ng7 18. a3 Nf5 19. Qd2 Re4 20. Qc3 Rfe8 21. Red1 g5 22. h3 h5 23. Rd3 g4 24. hxg4 hxg4 25. N3h2 Rxd4 26. Rad1 Rxd3 27. Qxd3 Nfd4 28. Qg6+ Kf8 29. Qh6+ Ke7 30. Nxg4 Rf8 31. Nfe3 Be6 32. Kf1 f5 33. Qh7+ Rf7 34. Qh4+ Kf8 35. Nh6 Rh7 36.
Qf6+ Ke8 37. Nhxf5 Qc5 38. Nxd4 Nxd4 39. Qxd4 Qb5+ 40.
Kg1 Rf7 41. Bxd5 Qe2 42. Ng2 Bxd5 43. Qxd5 Qxf2+ 44. Kh2 Rh7+ 0-1

[Event "Late-Titled-Tuesday-Blitz-September-05-2023"]
[Site "Chess.com"]
[Date "2023.09.05"]
[Round "4"]
[White "Marcin"]
[Black "GP9isback23"]
[Result "0-1"]
[WhiteElo "2483"]
[BlackElo "2673"]
[TimeControl "180+1"]
[EndTime "14:40:18 PDT"]
[Termination "GP9isback23 won by resignation"]

1. e4 c5 2. c3 Nf6 3. e5 Nd5 4.
d4 cxd4 5. Nf3 d6 6. Qxd4 Nb6 7. exd6 Qxd6 8. Qxd6 exd6 9. Bf4 Nc6 10. Nbd2 Be6 11. b3 h6 12. h4 d5 13. Bb5 Ba3 14. Rd1 Be7 15. O-O O-O 16. Rfe1 Bf6 17. Be5 Nxe5 18. Nxe5 Bxh4 19. Ndf3 Bf6 20. Nd4 a6 21. Bd3 Rfe8 22.
f4 Rac8 23. Rc1 Rcd8 24. Nef3 Bg4 25. Kf2 Nd7 26. b4 Nb6 27. Kg3 Rxe1 28. Rxe1 Bxf3 29. Kxf3 Bxd4 30. cxd4 Kf8 31. b5 a5 32. Rc1 Rc8 33.
Rc5 Ke7 34. Bf5 Rxc5 35. dxc5 Na4 36. c6 bxc6 37. bxc6 Kd6 38. Bd7 Nc5 39. Be8 f5 40. Ke3 g5 41. Kd4 Ne6+ 42. Kd3 Nxf4+ 43. Ke3 Nxg2+ 44. Kf2 Nf4 45. Ke3 Ne6 46. Bd7 f4+ 47.
Kf3 Nd4+ 0-1

[Event "Late-Titled-Tuesday-Blitz-September-05-2023"]
[Site "Chess.com"]
[Date "2023.09.05"]
[Round "4"]
[White "artin10862"]
[Black "Alexei_Gubajdullin"]
[Result "0-1"]
[WhiteElo "2922"]
[BlackElo "2609"]
[TimeControl "180+1"]
[EndTime "14:40:21 PDT"]
[Termination "Alexei_Gubajdullin won by resignation"]

1. d4 Nf6 2. Nf3 g6 3. Bf4 Bg7 4. e3 O-O 5. Be2 d6 6. h3 Nc6 7. O-O Nd7 8. Bh2 e5 9. a4 f5 10. a5 a6 11. c3 g5 12. Nfd2 f4 13. d5 Ne7 14. e4 Nf6 15. g4 fxg3 16. fxg3 Bxh3 17.
Rf2 g4 18. Bf1 Bh6 19. Qe1 Qb8 20. c4 Qa7 21. Ra3 Nh5 22. Bxh3 gxh3 23. Nf3 Nf6 24. Kh1 Nxe4 25. Rf1 Ng5 26. Nbd2 Nxf3 27. Nxf3 Qc5 28. Qe2 Nf5 29. g4 Ne3 30. Bg1 Nxf1 31. Qxf1 Qb4 32.
Qxh3 Qxb2 33. Nh4 Qe2 34. Nf5 Qe4+ 35. Rf3 Bg5 36. Kg2 Rf6 37. Qh5 h6 38. Kf2 Raf8 39. Kg2 Qxc4 40. Ne7+ Kg7 41. Nf5+ Kh7 42. Be3 Bxe3 43.
Rxe3 Qxd5+ 44. Kg3 Rxf5 45. gxf5 Rg8+ 46. Kh4 Qh1+ 47.
Rh3 Qe1+ 0-1

[Event "Late-Titled-Tuesday-Blitz-September-05-2023"]
[Site "Chess.com"]
[Date "2023.09.05"]
[Round "4"]
[White "McCarthyStone"]
[Black "talaicito"]
[Result "1-0"]
[WhiteElo "2443"]
[BlackElo "2244"]
[TimeControl "180+1"]
[EndTime "14:40:22 PDT"]
[Termination "McCarthyStone won on time"]

1. Nf3 f5 2. d3 Nf6 3. e4 d6 4. Nc3 e5 5. Bg5 Be7 6. Be2 O-O 7. Qd2 c6 8. O-O-O b5 9. h4 Be6 10. exf5 Bxf5 11. Rhg1 Ng4 12. Bxe7 Qxe7 13. Rdf1 Nd7 14.
Ng5 h6 15. Nge4 d5 16. Ng3 Be6 17. Kb1 Nxf2 18. Bh5 Qxh4 19. Nce2 Rf6 20. Re1 Raf8 21. b3 b4 22. Bf3 a5 23. Qe3 Ng4 24. Qa7 Qg5 25. Qxa5 Nh2 26. Qxb4 Nxf3 27. gxf3 Rxf3 28. Qd6 Bh3 29. Qxc6 Nf6 30. Ne4 Qe3 31. Nxf6+ R8xf6 32. Qxd5+ Kh7 33. Nc3 Qd4 34. Qxd4 exd4 35. Ne4 Rc6 36. Rh1 Kg8 37. Nd2 Rf2 38. Rxh3 Rxd2 39. Rc1 g5 40. a4 Kg7 41. Kb2 g4 42. Rg3 h5 43.
b4 Kg6 44. b5 1-0

[Event "Late-Titled-Tuesday-Blitz-September-05-2023"]
[Site "Chess.com"]
[Date "2023.09.05"]
[Round "4"]
[White "Murad_Ibrahimli"]
[Black "Hikaru"]
[Result "0-1"]
[WhiteElo "2917"]
[BlackElo "3250"]
[TimeControl "180+1"]
[EndTime "14:40:23 PDT"]
[Termination "Hikaru won by resignation"]

1. d4 a6 2. g3 c5 3. d5 b5 4. Bg2 d6 5. e4 g6 6. a4 Bb7 7.
Qe2 b4 8. a5 Bg7 9. Nd2 Bc8 10. Nc4 Bd7 11. Nf3 Bb5 12. e5 dxe5 13. Nfxe5 Nf6 14. O-O O-O 15. Rd1 Ne8 16. Qe3 Nd6 17.
Nb6 Ra7 18. Nc6 Nxc6 19. dxc6 Bd4 20. Rxd4 cxd4 21. Qxd4 Rc7 22. Bh6 Nf5 23. Qxd8 Rxd8 24. Bf4 Rxc6 25. Bxc6 Bxc6 26. c3 bxc3 27. bxc3 f6 28.
Rc1 e5 29. Be3 Nxe3 30. fxe3 Rd2 31. c4 Rg2+ 32. Kf1 Rxh2 33. Rc3 Ra2 34. Rd3 Kg7 35. Rd6 Bg2+ 36. Kg1 Bf3 37. c5 Rxa5 38. Nd7 Ra2 39. e4 Bxe4 40. Nxf6 Bf3 41. c6 Rc2 42. c7 Kf7 43. Nxh7 Bb7 44. Rd7+ Ke6 45. Nf8+ Kf5 46. Rf7+ Kg4 47. Nxg6 e4 48. Rg7 e3 49. Nf4+ Kf5 50.
Rf7+ Kg4 51. Re7 Rc1+ 0-1

[Event "Late-Titled-Tuesday-Blitz-September-05-2023"]
[Site "Chess.com"]
[Date "2023.09.05"]
[Round "4"]
[White "Attacker_2006"]
[Black "vladislavkovalev"]
[Result "0-1"]
[WhiteElo "2577"]
[BlackElo "2904"]
[TimeControl "180+1"]
[EndTime "14:40:23 PDT"]
[Termination "vladislavkovalev won by resignation"]

1. e4 e5 2. Nc3 Nc6 3. Bc4 Nf6 4. d3 Na5 5. Bb3 Nxb3 6. axb3 d5 7. exd5 Nxd5 8. Qh5 Nb4 9. Qxe5+ Be7 10. Qe2 O-O 11.
Nf3 Bg4 12. Be3 Re8 13. O-O-O a5 14. h3 Be6 15. Nd4 Bf6 16. Nxe6 Rxe6 17. d4 c6 18. g4 a4 19. bxa4 Nd5 20. Qc4 b5 21. axb5 Nxc3 22. bxc3 cxb5 23. Qxb5 Qc7 24. Kd2 Rc6 25. g5 Be7 26.
Qd5 Rd8 27. Qe4 Rxc3 28. Ke2 Rxc2+ 29. Kf3 Re8 30. Rc1 Rxc1 31. Rxc1 Qd7 32. Qg4 Qd5+ 33. Ke2 Bxg5 34. Rc5 Qa2+ 35. Kf3 Qa8+ 36. Ke2 Qa6+ 37. Kf3 Bxe3 38. fxe3 Qf1+ 39. Kg3 Rxe3+ 40. Kh4 Qf6+ 41. Rg5 g6 42. d5 h6 43. Qc8+ Kg7 44.
Qg4 hxg5+ 45. Qxg5 Re4+ 0-1

[Event "Late-Titled-Tuesday-Blitz-September-05-2023"]
[Site "Chess.com"]
[Date "2023.09.05"]
[Round "4"]
[White "drinbet"]
[Black "JackRodgers"]
[Result "1-0"]
[WhiteElo "2280"]
[BlackElo "2593"]
[TimeControl "180+1"]
[EndTime "14:40:23 PDT"]
[Termination "drinbet won by resignation"]

1. e4 c5 2. Nf3 g6 3. c3 Bg7 4. d4 cxd4 5. cxd4 d5 6. e5 Bg4 7. Be3 Nc6 8. Nbd2 Nh6 9. Bd3 Nf5 10. Bxf5 Bxf5 11. O-O O-O 12. a3 Rc8 13. Rc1 a6 14. Nb3 b6 15. Qe2 b5 16. Nc5 Qb6 17. h3 Rfd8 18. g4 Be4 19. Nd2 Na5 20. f3 Bf5 21. gxf5 gxf5 22. b4 Nc4 23. Nxc4 bxc4 24. e6 fxe6 25. f4 Kf7 26. Qh5+ Kg8 27. Kf2 Kh8 28. Rg1 Rg8 29. Qf7 Rcf8 30. Qxe6 Qd8 31. Rg5 Rf6 32.
Qd7 Qf8 33. Rcg1 Qf7 34. Ke2 h6 35. R5g3 Qh5+ 36. Kd2 Qf7 37. Kc3 Kh7 38. a4 Rd6 39.
Qb7 Qf6 40. b5 Re6 41. Nxe6 Qxe6 42. Kd2 c3+ 43. Kd3 Qe4+ 44. Kxc3 Qe6 45. Kb4 axb5 46.
axb5 Qd6+ 47. Kb3 Rb8 48. Rxg7+ Kh8 49. Qxb8+ Qxb8 50. Rg8+ Qxg8 51. Rxg8+ Kxg8 52. b6 1-0

[Event "Late-Titled-Tuesday-Blitz-September-05-2023"]
[Site "Chess.com"]
[Date "2023.09.05"]
[Round "4"]
[White "DvaHrasta"]
[Black "IlanSchnaider"]
[Result "1-0"]
[WhiteElo "2510"]
[BlackElo "2741"]
[TimeControl "180+1"]
[EndTime "14:40:25 PDT"]
[Termination "DvaHrasta won by checkmate"]

1. c4 Nf6 2. g3 g6 3. Bg2 Bg7 4. Nc3 O-O 5. Nf3 Nc6 6. O-O d5 7. cxd5 Nxd5 8. d3 Bg4 9. Nxd5 Qxd5 10. Be3 Rad8 11. Nd4 Nxd4 12. Bxd5 Nxe2+ 13. Kg2 Nf4+ 14. gxf4 Bxd1 15. Bxb7 Be2 16. Rfe1 Bxd3 17. Bxa7 Bxb2 18. Rad1 Bc3 19. Rxe7 Be4+ 20. Bxe4 Rxd1 21. Rxc7 Bd4 22. Rd7 Bxf2 23. Rxd1 Bxa7 24. Rd7 Bb6 25. Bd5 Kg7 26.
Rb7 Ba5 27. Rb5 Bc7 28. a4 Bxf4 29. a5 Rd8 30. a6 Be3 31. Kf3 Bg1 32. Ke4 f5+ 33.
Kf3 Kf6 34. h4 h6 35. Ba2 g5 36. hxg5+ hxg5 37. Bb1 g4+ 38. Kg2 Rd1 39. Rxf5+ Ke6 40. Rb5 Be3 41. Bf5+ Kd6 42. Bxg4 Ra1 43. Bc8 Kc7 44. Bb7 Bb6 45. Rh5 Ra2+ 46. Kf3 Ra3+ 47. Ke4 Ra4+ 48. Kd3 Ra3+ 49. Kc2 Ra4 50. Rh6 Ra1 51.
Rc6+ Kb8 52. Rxb6 Ka7 53. Rh6 Ra2+ 54. Kb3 Rf2 55. Rh8 Rf6 56. Kc4 Rg6 57. Kc5 Rg5+ 58. Bd5 Kxa6 59. Ra8# 1-0

[Event "Late-Titled-Tuesday-Blitz-September-05-2023"]
[Site "Chess.com"]
[Date "2023.09.05"]
[Round "4"]
[White "Nick12772"]
[Black "Grossboss19"]
[Result "0-1"]
[WhiteElo "2341"]
[BlackElo "2496"]
[TimeControl "180+1"]
[EndTime "14:40:25 PDT"]
[Termination "Grossboss19 won by checkmate"]

1. Nf3 d5 2. g3 c5 3. Bg2 Nc6 4.
d4 cxd4 5. Nxd4 Nf6 6. O-O e6 7. c4 Bc5 8. Nb3 Bb6 9. Nc3 dxc4 10. Nd2 Na5 11. b4 cxb3 12. Ba3 b2 13. Rb1 Bd7 14. Nce4 Nxe4 15. Nxe4 Nc4 16. Nd6+ Nxd6 17. Qxd6 Bb5 18. Qe5 Bc6 19. Qxg7 Qd4 20. Qg5 Bd8 21. Bxc6+ bxc6 22. Qh5 Qd5 23. Qh6 Qg5 24. Qh3 Be7 25.
Bxb2 O-O 26. Qg2 Rac8 27. h4 Qd5 28. Qxd5 cxd5 29. Rfc1 Bc5 30. e3 Bb6 31. Rxc8 Rxc8 32. Rc1 Rxc1+ 33. Bxc1 Kf8 34. Kf1 Ke7 35. Ke2 Kd6 36.
Kd3 f5 37. f4 h5 38. Ba3+ Bc5 39. Bb2 Kc6 40. a4 Bb4 41. Bd4 a6 42. Bc3 Kc5 43. Bxb4+ Kxb4 44. Kd4 Kxa4 45. Ke5 Kb5 46. Kxe6 a5 47.
Kxd5 a4 48. Kd4 Kb4 49. e4 a3 50. exf5 a2 51. Ke5 a1=Q+ 52. Ke6 Qe1+ 53. Kf6 Qxg3 54. Ke5 Qxh4 55. f6 Qg4 56. f5 h4 57. f7 Qg7+ 58. Ke6 Qf8 59. Kf6 h3 60. Kg6 h2 61. Kf6 h1=Q 62. Ke6 Qc6+ 63. Ke5 Qfd6# 0-1

[Event "Late-Titled-Tuesday-Blitz-September-05-2023"]
[Site "Chess.com"]
[Date "2023.09.05"]
[Round "4"]
[White "nihalsarin"]
[Black "MITerryble"]
[Result "1-0"]
[WhiteElo "3149"]
[BlackElo "2914"]
[TimeControl "180+1"]
[EndTime "14:40:26 PDT"]
[Termination "nihalsarin won by resignation"]

1. e4 e6 2. d4 d5 3. Nd2 Be7 4. Ngf3 Nf6 5. Bd3 c5 6. exd5 Qxd5 7. dxc5 Qxc5 8. O-O Nbd7 9. Qe2 Qc7 10. Ne4 O-O 11.
Bg5 b6 12. Rad1 Bb7 13. c3 Rad8 14. Bh4 Nc5 15. Nxf6+ Bxf6 16. Bxf6 gxf6 17. Bc2 Qf4 18. Nd4 Kh8 19. g3 Qh6 20. b4 Nd7 21. Be4 Bxe4 22.
Qxe4 Ne5 23. f4 Ng4 24. Rd2 Rc8 25. Nc6 a6 26. a4 b5 27. axb5 axb5 28. Ra1 Rg8 29. Ne7 Rxc3 30. Nxg8 Kxg8 31. Qd4 Rc4 32. Qd7 Rxb4 33. Re1 f5 34. Qb7 Kg7 35. Qe7 Qf6 36. Qxb4 Qh6 37. Qb2+ Kg6 38. Qh8 Nf6 39. Qd8 Qh3 40.
Qd4 h5 41. Rb2 h4 42. Qf2 Qg4 43. Qg2 h3 44. Qe2 Nd5 45. Qxg4+ fxg4 46. Rxb5 Ne7 47. Rg5+ 1-0

[Event "Late-Titled-Tuesday-Blitz-September-05-2023"]
[Site "Chess.com"]
[Date "2023.09.05"]
[Round "4"]
[White "Jahonas"]
[Black "SONOFHOLYGOD"]
[Result "1-0"]
[WhiteElo "2403"]
[BlackElo "2607"]
[TimeControl "180+1"]
[EndTime "14:40:26 PDT"]
[Termination "Jahonas won on time"]

1. d4 Nf6 2. Nf3 c5 3. c3 g6 4. g3 cxd4 5. Nxd4 Bg7 6. Bg2 Nc6 7. Nxc6 bxc6 8. O-O O-O 9. b3 a5 10. Bb2 a4 11.
Na3 axb3 12. axb3 Rb8 13. Qc2 Ba6 14. Rfd1 Qb6 15. b4 d5 16. e3 e6 17. Rab1 c5 18. b5 Bxb5 19. c4 dxc4 20. Nxb5 Qa5 21. Bxf6 Bxf6 22.
Qxc4 Rfd8 23. Bf1 h5 24. h4 Kg7 25. Qc2 Rxd1 26. Qxd1 c4 27. Bxc4 Rc8 28. Qb3 Qd8 29. Bf1 Rc5 30. Rd1 Qb8 31. Nd4 Qa8 32. Bg2 Qc8 33.
Qd3 Rc7 34. Qe2 Rd7 35. Qf3 Qd8 36. Re1 e5 37. Nc6 Qc7 38. Qe4 Rd2 39. Rf1 Qd6 40. Qc4 Rb2 41. Be4 Rb6 42. Qc2 Ra6 43. Rd1 Qc7 44.
Rc1 Rb6 45. Na5 Qb8 46. Nc4 Rb4 47. Qd3 Qc7 48. Bd5 Qc5 49. Qe4 Rb8 50. Rd1 Rd8 51.
Nxe5 Re8 52. f4 Qd6 53. Qd4 Qa6 54. Bxf7 Re7 55. Bc4 Qa8 56. Qd5 Qb8 57. Nf3 Qb2 58. Qd3 Rc7 59. Nd4 1-0

[Event "Late-Titled-Tuesday-Blitz-September-05-2023"]
[Site "Chess.com"]
[Date "2023.09.05"]
[Round "4"]
[White "kacprekt"]
[Black "JiiHart"]
[Result "1-0"]
[WhiteElo "2436"]
[BlackElo "2123"]
[TimeControl "180+1"]
[EndTime "14:40:26 PDT"]
[Termination "kacprekt won by checkmate"]

1. e4 c5 2. Nf3 Nc6 3. c3 d5 4. exd5 Qxd5 5. d4 cxd4 6. cxd4 Bg4 7. Be2 e6 8. Nc3 Qa5 9. Be3 Nf6 10. O-O Be7 11.
h3 Bh5 12. a3 O-O 13. b4 Qd8 14.
b5 Na5 15. a4 Rc8 16. Rc1 b6 17. g4 Bg6 18. Ne5 Ba3 19. Nxg6 Bxc1 20. Nxf8 Bxe3 21. fxe3 Rxc3 22. g5 Qxf8 23. gxf6 gxf6 24. Bd3 Qh6 25. Kh2 Kh8 26. Qf3 Rc8 27. d5 f5 28. d6 Rd8 29. d7 Qf6 30. e4 Nb3 31. exf5 Nc5 32. fxe6 Qxf3 33. Rxf3 fxe6 34. Bc4 Rxd7 35. a5 Kg7 36. a6 Kg6 37. Rf8 Kg7 38. Rb8 Re7 39.
Kg3 e5 40. Kf2 Kh6 41. Ke3 Kg5 42. Bd5 Kh4 43. Bb7 Kxh3 44. Ra8 Rg7 45. Rxa7 Rg3+ 46. Bf3 e4 47. Rxh7# 1-0

[Event "Late-Titled-Tuesday-Blitz-September-05-2023"]
[Site "Chess.com"]
[Date "2023.09.05"]
[Round "4"]
[White "bascheyaro"]
[Black "PotapovaM"]
[Result "1-0"]
[WhiteElo "2812"]
[BlackElo "2663"]
[TimeControl "180+1"]
[EndTime "14:40:28 PDT"]
[Termination "bascheyaro won by resignation"]

1. d4 Nf6 2. Nf3 d5 3. Bf4 c5 4. e3 e6 5. Be2 Nc6 6. O-O Bd6 7. dxc5 Bxc5 8. c4 O-O 9. Nc3 dxc4 10. Bxc4 a6 11. Be2 Be7 12. Rc1 Qxd1 13. Rfxd1 Bd7 14.
Ne4 Nd5 15. Bd6 Rfd8 16. Bxe7 Ncxe7 17. Nc5 Rab8 18. e4 Nf4 19. Bf1 Bc6 20. Ne5 Rxd1 21. Rxd1 Nfg6 22. Nc4 h5 23. f3 h4 24. Nb6 Kh7 25. b4 h3 26. g3 Ne5 27. Be2 g5 28.
Kf2 N7g6 29. a4 Kg7 30. b5 axb5 31. axb5 Be8 32. Ke3 Kf6 33. f4 g4 34. fxe5+ Nxe5 35. Kf4 Ng6+ 36. Kxg4 Ke7 37. Kxh3 Ne5 38. Kg2 f6 39.
Kf2 Bg6 40. h4 Rh8 41. Ncd7 Nf7 42. Nc5 Nd6 43. Nc4 Nxb5 44. Rd7+ Ke8 45. Rxb7 Rh6 46. Rxb5 Bf7 47. Nd6+ Ke7 48. Nxf7 Kxf7 49. Rb7+ Kg6 50. Nxe6 Rh8 51. Rg7+ Kh6 52. g4 1-0

[Event "Late-Titled-Tuesday-Blitz-September-05-2023"]
[Site "Chess.com"]
[Date "2023.09.05"]
[Round "4"]
[White "Cmorales2001"]
[Black "Semetey"]
[Result "1-0"]
[WhiteElo "2436"]
[BlackElo "2551"]
[TimeControl "180+1"]
[EndTime "14:40:28 PDT"]
[Termination "Cmorales2001 won on time"]

1. Nf3 Nf6 2. d4 b6 3. c4 Bb7 4. Nc3 g6 5. e3 Bg7 6. Be2 O-O 7. O-O c5 8. d5 e6 9. e4 exd5 10. exd5 d6 11. h3 Re8 12. Bd3 Nbd7 13. Bf4 Ne5 14.
Re1 Nh5 15. Bh2 a6 16. Bf1 Qc7 17. Nd2 f5 18. Nf3 Nxf3+ 19. Qxf3 Be5 20. Bxe5 dxe5 21. g3 e4 22. Qd1 e3 23. Qf3 exf2+ 24. Kxf2 Qg7 25.
Qd3 f4 26. g4 Ng3 27. Bg2 h5 28. gxh5 gxh5 29. Rg1 h4 30. Rge1 Rad8 31. Rxe8+ Rxe8 32. Re1 Rf8 33. Bf3 Bc8 34. d6 Bxh3 35. Re7 Qd4+ 36. Qxd4 cxd4 37. Nd5 Rf7 38. Rxf7 Kxf7 39. Nxb6 Bf5 40. c5 h3 41. c6 h2 42. c7 d3 43.
d7 Bxd7 44. Nxd7 d2 45. Ne5+ Ke7 46. c8=Q d1=Q 47. Qc7+ Ke6 48. Qc6+ 1-0

[Event "Late-Titled-Tuesday-Blitz-September-05-2023"]
[Site "Chess.com"]
[Date "2023.09.05"]
[Round "4"]
[White "GMZaven"]
[Black "Hamisandwich"]
[Result "0-1"]
[WhiteElo "2666"]
[BlackElo "2666"]
[TimeControl "180+1"]
[EndTime "14:40:29 PDT"]
[Termination "Hamisandwich won by resignation"]

1. e4 e5 2. Nf3 d6 3. Bc4 Be7 4.
c3 Nf6 5. d4 O-O 6. Nbd2 exd4 7. cxd4 d5 8. exd5 Nxd5 9. O-O Nc6 10. h3 Nb6 11. Bd3 Nxd4 12. Nxd4 Qxd4 13. Nf3 Qd6 14. Qc2 h6 15. Re1 Bf6 16. Be3 Rd8 17. Rad1 Nd5 18. Bc5 Qc6 19. Ne5 Bxe5 20. Rxe5 Be6 21.
Rc1 b6 22. Bh7+ Kh8 23. Ba3 Qxc2 24. Bxc2 c5 25. Rce1 Rac8 26. b3 Nb4 27. Bb1 Nd3 28.
Bxd3 Rxd3 29. Bc1 Rcd8 30. f3 a5 31. Kf2 Kg8 32. h4 Rd1 33. Bf4 Rxe1 34. Rxe1 Rc8 35.
Rd1 b5 36. Rd6 c4 37. bxc4 Rxc4 38. Bd2 Ra4 39. Ke3 Ra3+ 40. Kf4 Rxa2 41. g4 b4 42. Ke3 b3 43. Rb6 a4 44. h5 a3 45. f4 Rxd2 46.
Kxd2 a2 47. Ra6 b2 48. f5 b1=Q 49. fxe6 fxe6 50. Ra8+ Kf7 51. g5 hxg5 52. Ra7+ Kf6 53.
Ra6 a1=Q 0-1

[Event "Late-Titled-Tuesday-Blitz-September-05-2023"]
[Site "Chess.com"]
[Date "2023.09.05"]
[Round "4"]
[White "szachuspl"]
[Black "kingofthenil"]
[Result "0-1"]
[WhiteElo "2541"]
[BlackElo "2775"]
[TimeControl "180+1"]
[EndTime "14:40:30 PDT"]
[Termination "kingofthenil won by checkmate"]

1. d4 d5 2. c4 c6 3. Nc3 Nf6 4. Nf3 a6 5. c5 Bg4 6. Ne5 Nbd7 7. Nxg4 Nxg4 8. e4 Ngf6 9. exd5 cxd5 10. Be2 e6 11. O-O Be7 12. b4 O-O 13. Bf4 Ne8 14. a4 Bf6 15. b5 Nxc5 16. dxc5 Bxc3 17. Rc1 Bf6 18. b6 Bg5 19. Bxg5 Qxg5 20. c6 bxc6 21. Rxc6 a5 22. Qb3 Qe5 23. Bd3 Nd6 24. Rfc1 Rab8 25.
g3 h5 26. h4 Rfd8 27. Rc7 g5 28.
hxg5 Qxg5 29. b7 h4 30. Kg2 hxg3 31. fxg3 Rxb7 32. Rxb7 Qd2+ 33. Kh3 Nxb7 34. Rf1 Qb4 35. Qd1 Kg7 36. Rf4 Rh8+ 37. Kg2 Qb2+ 38. Bc2 Nd6 39.
Qg4+ Kf8 40. Rf2 Qe5 41. Bd3 Rg8 42. Qf3 f5 43. Re2 Ne4 44. Bxe4 dxe4 45. Qa3+ Kf7 46. Rc2 f4 47. Rf2 Ke8 48. Qc1 Rxg3+ 49. Kf1 e3 50.
Qc8+ Ke7 51. Qb7+ Kf6 52. Rb2 Qf5 53. Qb8 Qd3+ 54. Ke1 Rg1# 0-1

[Event "Late-Titled-Tuesday-Blitz-September-05-2023"]
[Site "Chess.com"]
[Date "2023.09.05"]
[Round "4"]
[White "2k28Lakers"]
[Black "JoakimVonAnd"]
[Result "1-0"]
[WhiteElo "2529"]
[BlackElo "2717"]
[TimeControl "180+1"]
[EndTime "14:40:31 PDT"]
[Termination "2k28Lakers won by checkmate"]

1. e4 c5 2. c3 Nf6 3. e5 Nd5 4. Nf3 d6 5. d4 cxd4 6. Bc4 Nb6 7. Bb3 Nc6 8. exd6 Qxd6 9. O-O Be6 10. Bxe6 Qxe6 11. Nxd4 Nxd4 12. cxd4 g6 13. Nc3 Bg7 14. Re1 Qd7 15. Bg5 f6 16. Bh4 O-O 17. d5 Rad8 18.
Qb3 Kh8 19. Rad1 Rfe8 20. Bg3 Qg4 21. h3 Qc4 22. Qxc4 Nxc4 23. b3 Nd6 24. Re6 Nf5 25.
Bh2 Kg8 26. g4 Nh4 27. Bg3 Nf3+ 28. Kg2 Ng5 29. Re3 f5 30. h4 Nf7 31. Nb5 Rd7 32. gxf5 gxf5 33. Nc7 Red8 34. Ne6 Rxd5 35. Rxd5 Rxd5 36.
Nxg7 Kxg7 37. Rxe7 Ra5 38. Rxb7 Rxa2 39. Be5+ Kf8 40.
Bf6 Nd6 41. Be7+ Ke8 42. Bxd6 a5 43. Rxh7 a4 44. bxa4 Rxa4 45. Rh5 Rd4 46. Bg3 f4 47. Bh2 Ke7 48. Rf5 f3+ 49. Rxf3 Rxh4 50. Bg3 Ra4 51. Rf5 Ke6 52. Rb5 Kf6 53. Kh3 Kg6 54. f4 Kf6 55. Kg4 Kg6 56. Rb6+ Kf7 57. Bh4 Kg7 58. Bf6+ Kf7 59. Be5 Ra7 60. Kf5 Rd7 61. Rc6 Ra7 62.
Rc7+ Rxc7 63. Bxc7 Kf8 64. Kf6 Ke8 65. Kg7 Ke7 66.
f5 Kd7 67. f6 Kc6 68. f7 Kb7 69. f8=Q Kc6 70. Bh2 Kb7 71. Qd6 Ka7 72. Bf4 Kb7 73.
Bh6 Ka7 74. Qb4 Ka6 75. Kf7 Ka7 76. Ke7 Ka6 77. Kd7 Ka7 78. Kc6 Ka6 79. Qb6# 1-0

[Event "Late-Titled-Tuesday-Blitz-September-05-2023"]
[Site "Chess.com"]
[Date "2023.09.05"]
[Round "4"]
[White "boldpilot22622"]
[Black "nevermind242"]
[Result "0-1"]
[WhiteElo "2511"]
[BlackElo "2355"]
[TimeControl "180+1"]
[EndTime "14:40:31 PDT"]
[Termination "nevermind242 won by resignation"]

1. e4 e6 2. d4 d5 3. Nc3 Nc6 4. e5 f6 5. f4 fxe5 6. dxe5 Bc5 7.
Nf3 Nh6 8. Qe2 O-O 9. Bd2 a6 10. O-O-O b5 11. Kb1 Bd7 12. Ng5 Qe7 13. Qh5 Nd4 14.
Bd3 b4 15. Ne2 Nxe2 16. Bxh7+ Kh8 17. Qxe2 Be8 18. g4 a5 19. Qg2 a4 20. Bd3 b3 21. Qh3 a3 22. cxb3 axb2 23. Nxe6 Qxe6 24. f5 Qxe5 25. Rhe1 Qf6 26. Re6 Rxa2 27. Rxf6 Ra1+ 28. Kxb2 Bd4+ 29. Kc2 Ra2+ 30. Kc1 Rxf6 31. Be3 Rc6+ 32. Bc4 dxc4 33. Bxd4 cxb3+ 34. Kb1 Bf7 35. Bb2 Rc2 36. Qd3 Rcxb2+ 37. Kc1 Rc2+ 38. Kb1 Rab2+ 39. Ka1 Ra2+ 40. Kb1 Rab2+ 41. Ka1 Kh7 42. f6+ Bg6 43. fxg7 Ra2+ 44.
Kb1 Bxd3 45. g8=Q+ Kxg8 46. Rxd3 Rxh2 47. Rxb3 Rag2 0-1